 Dungeon Crawl Stone Soup version 0.28-a0-1415-g7c84da036a (webtiles) character file.

Game seed: 6574203445772691679

39 bande the Covered (level 3, -3/23 HPs)
             Began as a Gargoyle Fighter on Jan 7, 2022.
             Slain by Sigmund (4 damage)
             ... on level 2 of the Dungeon.
             The game lasted 00:02:01 (1181 turns).

bande the Covered (Gargoyle Fighter)                Turns: 1181, Time: 00:02:02

Health: -3/23      AC: 10    Str: 19    XL:     3   Next: 45%
Magic:  3/3        EV:  7    Int:  8    God:
Gold:   56         SH:  8    Dex: 11    Spells: 2/2 levels left

rFire   . . .      SeeInvis .   a - +0 war axe
rCold   . . .      Faith    .   h - +0 kite shield
rNeg    + . .      Spirit   .   b - +0 scale mail
rPois   ∞          Reflect  .   (no helmet)
rElec   +          Harm     .   (no cloak)
rCorr   .          Rampage  .   (no gloves)
Will    .....                   (no boots)
Stlth   ..........              (no amulet)
HPRegen 0.07/turn               (no ring)
MPRegen 0.08/turn               (no ring)

@: mighty
A: sickness immunity, AC +3, negative energy resistance 1, electricity
resistance, torment resistance 1, petrification resistance
a: no special abilities


You were on level 2 of the Dungeon.
You visited 1 branch of the dungeon, and saw 2 of its levels.

You collected 56 gold pieces.

Inventory:

Hand Weapons
 a - a +0 war axe (weapon)
Armour
 b - a +0 scale mail (worn)
 h - a +0 kite shield (worn)
Scrolls
 e - 2 scrolls of identify {unknown}
 g - a scroll of brand weapon {unknown}
Potions
 f - a potion of brilliance {unknown}


   Skills:
 + Level 3.6 Fighting
 + Level 2.3 Axes
 + Level 3.8 Armour
 + Level 3.7 Shields


You had 2 spell levels left.
You didn't know any spells.
Your spell library was empty.

Dungeon Overview and Level Annotations

Branches:
Dungeon (2/15)

Altars:

Shops:
D:2 =

Annotations:
D:2 Sigmund


Innate Abilities, Weirdness & Mutations

You are immune to sickness and miasma.
Your stone body is resilient. (AC +3)
You are immune to poison.
You resist negative energy. (rN+)
You are resistant to electric shocks. (rElec)
You are resistant to unholy torment.
You are immune to petrification.


Message History

The frilled lizard hisses angrily.
The frilled lizard moves out of view.
You block the frilled lizard's attack.
You closely miss the frilled lizard.
The frilled lizard completely misses you.
The frilled lizard bites you.
You hit the frilled lizard.
You kill the frilled lizard!
No target in view!
No target in view!
No target in view!
HP restored.
You open the door.
There is an open door here.
Found a short sword.
No target in view!
No target in view!
Sigmund the Dreaded comes into view.
He is wielding a +0 scythe and carrying a wand of digging (4).
Sigmund shouts!
Sigmund casts a spell.
Sigmund flickers and vanishes!
Deactivating autopickup; reactivate with Ctrl-A.
No target in view!
No target in view!
No target in view!
You feel very mighty all of a sudden.
You hear some strange, mumbled words.
A magic dart appears from out of thin air!
The magic dart hits you.
You miss something. You block something's attack.
You barely miss something. Something hits you!
You slash something! Something hits you but does no damage.
You hit something. You block something's attack.
You closely miss something. Something hits you but does no damage.
You barely miss something. Something hits you!
* * * LOW HITPOINT WARNING * * *
You barely miss something. Something hits you.
* * * LOW HITPOINT WARNING * * *
Something hits you.
You die...

#....###....#.
+.......).....
#...##.#..#.#. ######
#...##.##.#.#.
#....###...##.##.#.#.
+....'...............
#....########.##.#.#.
#....# #.##.#.#. #...@#
#.##.#...
#......{.....# #.####
#............# ..####
#............########..
#...###...............#
##..#)#.####..........#
#..###.# #...........
##.....# #.........##
#.........##


There were no monsters in sight!

Vanquished Creatures
  A dart slug (D:2)
  4 ball pythons (D:1)
  3 endoplasms
  2 giant cockroaches (D:1)
  5 goblins
  4 hobgoblins
  3 kobolds (D:1)
  3 quokkas
  3 bats (D:1)
  A frilled lizard (D:2)
  A rat (D:1)
30 creatures vanquished.

Notes
Turn   | Place    | Note
-------+----------+-------------------------------------------
     0 | D:1      | bande the Gargoyle Fighter began the quest for the Orb.
     0 | D:1      | Reached XP level 1. HP: 14/14 MP: 1/1
    29 | D:1      | Reached XP level 2. HP: 18/19 MP: 2/2
   649 | D:1      | Reached XP level 3. HP: 23/23 MP: 3/3
   973 | D:2      | Found a faded altar of an unknown god.
  1024 | D:2      | Found Joustrok's Jewellery Emporium.
  1172 | D:2      | Noticed Sigmund
  1181 | D:2      | HP: 1/23 [something (4)]
  1181 | D:2      | Slain by Sigmund

Illustrated notes

Levels and vault maps discovered:
D:1:      dpeg_arrival_orchard, layout_basic, minmay_distorted
D:2:      layout_basic, serial_shops, nicolae_shop_hallway_plus,
          nicolae_ecumenical_pavilion, item_on_display_b, uniq_sigmund

Skill      XL: |  1  2 |
---------------+-------+-----
Axes           | 2 |  2.3
Fighting       | |  3.6
Armour         | |  3.8
Shields        | |  3.7

Action                   || total
-------------------------++-------
Melee: War axe           ||    80
  Use: Potion            ||     1
Armor: Scale mail        ||    45
Dodge: Dodged            ||    53
Block: Buckler           ||    14
       Kite shield       ||    11

Table legend: (Time is in decaauts)
 A = Elapsed time spent in this place.
 B = Non-inter-level travel time spent in this place.
 C = Inter-level travel time spent in this place.
 D = Time resting spent in this place.
 E = Time spent auto-exploring this place.
 F = Levels seen in this place.
 G = Mean time per level.
                   A        B        C        D        E       F      G
               +--------+--------+--------+--------+--------+-----+--------+
         Total |   1217 |   1198 |     19 |    152 |    823 |   2 |  608.5 |
       Dungeon |   1217 |   1198 |     19 |    152 |    823 |   2 |  608.5 |
               +--------+--------+--------+--------+--------+-----+--------+

Top non-repeatable levels by time:
     D:1: 999 daAuts
     D:2: 218 daAuts
